 Dungeon Crawl Stone Soup version 0.29.1-1-gd02db6906a (webtiles) character file.

Game seed: 5408211217936904599

272 cdecastro the Digger (level 6, -4/32 HPs)
             Began as a Gargoyle Earth Elementalist on Sept 27, 2022.
             Slain by an iguana (10 damage)
             ... on level 5 of the Dungeon on Sept 30, 2022.
             The game lasted 00:11:17 (5744 turns).

cdecastro the Digger (Gargoyle Earth Elementalist)  Turns: 5744, Time: 00:11:18

Health: -4/32      AC:  7    Str: 12    XL:     6   Next: 23%
Magic:  1/9        EV: 11    Int: 17    God:
Gold:   251        SH:  0    Dex: 10    Spells: 3/9 levels left

rFire   . . .      SeeInvis .   h - +0 dagger
rCold   . . .      Faith    .   (no shield)
rNeg    + . .      Spirit   .   a - +0 robe
rPois   ∞          Reflect  .   (no helmet)
rElec   +          Harm     .   (no cloak)
rCorr   .          Rampage  .   (no gloves)
Will    .....                   m - +0 pair of boots
Stlth   ++........              (no amulet)
HPRegen 0.10/turn               (no ring)
MPRegen 0.11/turn               (no ring)

@: no status effects
A: sickness immunity, AC +4, negative energy resistance 1, electricity
resistance, torment resistance 1, petrification resistance
a: no special abilities


You were on level 5 of the Dungeon.
You visited 1 branch of the dungeon, and saw 5 of its levels.

You collected 251 gold pieces.

Inventory:

Hand Weapons
 h - a +0 dagger (weapon)
Missiles
 c - 42 stones
 g - 6 atropa-tipped darts
 v - 2 curare-tipped darts
Armour
 a - a +0 robe (worn)
 m - a +0 pair of boots (worn)
Jewellery
 n - a ring of resist corrosion
 p - an amulet of faith
Scrolls
 f - 4 scrolls of identify
 j - a scroll of noise {unknown}
 k - a scroll of blinking {unknown}
 l - 3 scrolls of teleportation {unknown}
 o - a scroll of immolation {unknown}
 t - 2 scrolls of torment {unknown}
 u - 4 scrolls of enchant weapon {unknown}
 w - 2 scrolls of enchant armour {unknown}
Potions
 b - a potion of magic
 d - 4 potions of curing
 e - 2 potions of brilliance
 i - a potion of might
 q - a potion of berserk rage
 r - a potion of attraction {unknown}
 s - a potion of ambrosia


   Skills:
 - Level 1.5 Dodging
 - Level 2.1 Stealth
 - Level 2.0 Spellcasting
 + Level 4.7 Conjurations
 - Level 0.7 Transmutations
 - Level 6.0 Earth Magic


You had 3 spell levels left.
You knew the following spells:

 Your Spells              Type           Power      Damage    Failure   Level
a - Sandblast             Erth           44%        2d11      1%          1
b - Passwall              Tmut/Erth      10%        N/A       8%          2
c - Stone Arrow           Conj/Erth      40%        3d9       6%          3

Your spell library contained the following spells:

 Spells                   Type           Power      Damage    Failure   Level
 Petrify                  Tmut/Erth      13%        N/A       43%         4


Dungeon Overview and Level Annotations

Branches:
Dungeon (5/15)
 Temple: D:4-7

Altars:
Cheibriados
Qazlal
Wu Jian

Shops:
D:1 :

Annotations:
D:2 Natasha


Innate Abilities, Weirdness & Mutations

You are immune to sickness and miasma.
Your stone body is resilient. (AC +4)
You are immune to poison.
You resist negative energy. (rN+)
You are resistant to electric shocks. (rElec)
You are resistant to unholy torment.
You are immune to petrification.


Message History

You kill the orc!
The orc hits you but does no damage.
Aiming: Sandblast (safe; 1% risk of failure)
Press: ? - help, Q - select action, (/) - cycle Shift-Dir - straight line, f - orc
Aim: an orc, wielding a +0 dagger and wearing a +0 leather armour (lightly wounded, 83% to hit)
The blast of sand misses the orc.
The blast of sand hits the iguana but does no damage.
The orc barely misses you.
Aiming: Sandblast (safe; 1% risk of failure)
Press: ? - help, Q - select action, (/) - cycle Shift-Dir - straight line, f/p - orc
Aim: an orc, wielding a +0 dagger and wearing a +0 leather armour (lightly wounded, 83% to hit)
The blast of sand hits the orc!
You kill the orc!
The orc barely misses you.
Aiming: Sandblast (safe; 1% risk of failure)
Press: ? - help, Q - select action, (/) - cycle Shift-Dir - straight line, f - orc
Aim: an orc, wielding a +0 war axe (83% to hit)
The blast of sand hits the orc!
You kill the orc!
Aiming: Sandblast (safe; 1% risk of failure)
Press: ? - help, Q - select action, (/) - cycle Shift-Dir - straight line, f - iguana
Aim: an iguana (85% to hit)
The blast of sand hits the iguana.
The iguana is moderately wounded.
The iguana bites you! The iguana closely misses you.
Aiming: Sandblast (safe; 1% risk of failure)
Press: ? - help, Q - select action, (/) - cycle Shift-Dir - straight line, f/p - iguana
Aim: an iguana (moderately wounded, 85% to hit)
The blast of sand hits the iguana.
The iguana is heavily wounded.
The iguana bites you but does no damage.
Aiming: Sandblast (safe; 1% risk of failure)
Press: ? - help, Q - select action, (/) - cycle Shift-Dir - straight line, f/p - iguana
Aim: an iguana (heavily wounded, 85% to hit)
The blast of sand hits the iguana.
The iguana is heavily wounded.
The iguana bites you!
* * * LOW HITPOINT WARNING * * *
The iguana bites you!
You die...

..?...... #.......
#...... #.#.....
#.#.... #.#... #.#
#.##l# ...# #.##@#
#..# #.#..# ###
#..# ##...##
...###..## #....#
#..###..###.##..#
#<.##...#..###..#
##.#†.#...## #.#
#.....#......#..#
#..............#.#


You could see an iguana.

Vanquished Creatures
  A scorpion (D:5)
  An iguana (D:4)
  Natasha (twice) (D:2)
  2 gnolls (D:2)
  4 adders
  3 dart slugs
  5 orcs
  6 endoplasms
  3 giant cockroaches
  6 goblins
  4 hobgoblins
  12 jackals
  7 quokkas
  A ball python (D:2)
  3 bats
  2 frilled lizards (D:3)
  3 kobolds
  8 rats
73 creatures vanquished.

Vanquished Creatures (others)
  58 plants (D:2)
58 creatures vanquished.

Grand Total: 131 creatures vanquished

Notes
Turn   | Place    | Note
-------+----------+-------------------------------------------
     0 | D:1      | cdecastro the Gargoyle Earth Elementalist began the quest
                  | for the Orb.
     0 | D:1      | Reached XP level 1. HP: 10/10 MP: 3/3
   594 | D:1      | Reached skill level 4 in Earth Magic
   855 | D:1      | Found Uniafiuxke's Book Shoppe.
   873 | D:1      | Reached XP level 2. HP: 9/15 MP: 5/5
  2223 | D:2      | Found a faded altar of an unknown god.
  2230 | D:2      | Reached skill level 5 in Earth Magic
  2230 | D:2      | Reached XP level 3. HP: 4/19 MP: 0/6
  2501 | D:2      | Found a stormy altar of Qazlal.
  2778 | D:2      | Found a snail-covered altar of Cheibriados.
  2813 | D:2      | Noticed Natasha
  2829 | D:2      | Killed Natasha
  2830 | D:2      | Reached skill level 6 in Earth Magic
  2830 | D:2      | Reached XP level 4. HP: 4/24 MP: 0/7
  3100 | D:1      | Learned a level 2 spell: Passwall
  3104 | D:1      | Learned a level 3 spell: Stone Arrow
  3257 | D:2      | Noticed Natasha
  3262 | D:2      | Killed Natasha
  3263 | D:2      | Reached skill level 1 in Conjurations
  3511 | D:2      | Noticed Natasha
  3727 | D:2      | Reached XP level 5. HP: 26/28 MP: 4/8
  5348 | D:4      | Found an ornate altar of the Wu Jian Council.
  5672 | D:5      | Entered Level 5 of the Dungeon
  5680 | D:5      | Reached XP level 6. HP: 31/32 MP: 5/9
  5744 | D:5      | Slain by an iguana

Illustrated notes

Levels and vault maps discovered:
D:1:      lemuel_arrival_tunnels, layout_basic, serial_shops,
          nicolae_diamond_shop
D:2:      wad_woods_stonehenge, layout_basic, basic_altar,
          shapermc_ecumenical_altar_mp_vishouse, chequers_serial_rivers_small_3,
          uniq_natasha
D:3:      layout_rooms
D:4:      layout_gridville, nicolae_wu_jian_glorious_leap
D:5:      layout_rooms, xom_butterflies, hangedman_decor_lopped

Skill      XL: |  1  2  3  4  5 |
---------------+----------------+-----
Earth Magic    | 4 5 6 |  6.0
Conjurations   | 2 4 |  4.7
Dodging        | |  1.5
Stealth        | |  2.1
Spellcasting   | |  2.0
Transmutations | |  0.7

Action                   |  1- 3 |  4- 6 || total
-------------------------+-------+-------++-------
Melee: Unarmed           |    72 |       ||    72
       Punch             |     2 |     1 ||     3
       Dagger            |    41 |   232 ||   273
Throw: Dart              |     1 |       ||     1
 Cast: Sandblast         |    24 |    36 ||    60
  Use: Scroll            |       |     5 ||     5
 Stab: Sleeping          |     2 |     1 ||     3
Armor: Robe              |    31 |   133 ||   164
Dodge: Dodged            |    74 |   190 ||   264
